 Dungeon Crawl Stone Soup version 0.31-a0-596-g831eee08f1 (console) character file.

Game seed: 12812795100120509453

20236 jejorda2 the Cleaver (level 12, -11/97 HPs)
             Began as a Gnoll Berserker on Aug 19, 2023.
             Was an Elder of Trog.
             Mangled by a very large slime creature (40 damage)
             ... on level 13 of the Dungeon on Aug 20, 2023.
             The game lasted 00:28:15 (13163 turns).

jejorda2 the Cleaver (Gnoll Berserker)             Turns: 13163, Time: 00:28:16

Health: -11/97     AC: 22    Str: 24    XL:     12   Next: 77%
Magic:  23/23      EV: 13    Int:  7    God:    Trog [****..]
Gold:   667        SH:  0    Dex: 12    Spells: 26/26 levels left

rFire   + + .        a - +3 battleaxe (vamp)
rCold   + + .        (shield currently unavailable)
rNeg    . . .        z - +6 scale mail of Hihuikos {rC+ Str+3}
rPois   .            B - +2 helmet
rElec   .            A - scarf {rC+ rF+}
rCorr   .            d - +0 pair of gloves
SInv    .            C - +2 pair of boots
Will    .....        D - amulet of the acrobat
Stlth   ++           i - ring of flight
HPRegen 0.36/turn    h - ring of protection from fire
MPRegen 0.18/turn

%: acrobat
@: on berserk cooldown, flying, slowed, very slow
A: fangs 1, strong nose, distributed training
a: Renounce Religion, Berserk, Trog's Hand, Brothers in Arms


You were on level 13 of the Dungeon.
You worshipped Trog.
Trog was greatly pleased with you.
You visited 1 branch of the dungeon, and saw 13 of its levels.

You collected 771 gold pieces.
You spent 104 gold pieces at shops.

Inventory:

Hand Weapons
 a - a +3 vampiric battleaxe (weapon)
 b - the +12 shortbow of Yredelemnul, Hugging {flame, rPois rC+}
   (You found it on level 12 of the Dungeon)

   rC+:       It protects you from cold.
   rPois:     It protects you from poison
 w - a +1 demon whip of venom
 G - a +0 antimagic hand axe
Missiles
 g - 14 boomerangs
 j - 30 poisoned darts (quivered)
Armour
 d - a +0 pair of gloves (worn)
 q - a +2 cloak
 z - the +6 scale mail of Hihuikos (worn) {rC+ Str+3}
   (You found it on level 11 of the Dungeon)

   Str+3:     It affects your strength (+3).
   rC+:       It protects you from cold.
 A - a scarf of resistance (worn)
 B - a +2 helmet (worn)
 C - a +2 pair of boots (worn)
Jewellery
 h - a ring of protection from fire (right hand)
 i - a ring of flight (left hand)
 D - an amulet of the acrobat (around neck)
 H - a ring of poison resistance
Wands
 k - a wand of charming (12)
 l - a wand of iceblast (5)
 o - a wand of flame (38)
 x - a wand of digging (1)
 y - a wand of acid (4)
Scrolls
 c - 2 scrolls of immolation
 e - 4 scrolls of blinking
 f - a scroll of fog
 u - a scroll of teleportation
 v - a scroll of enchant armour
 F - a scroll of poison
Potions
 m - 4 potions of heal wounds
 n - a potion of magic {unknown}
 p - a potion of attraction {unknown}
 r - 2 potions of lignification {unknown}
 s - 3 potions of haste
 t - 4 potions of curing
Miscellaneous
 E - a phial of floods


   Skills:
 + Level 10.2 Fighting
 + Level 7.7 Short Blades
 + Level 7.7 Long Blades
 + Level 10.2 Axes
 + Level 7.7 Maces & Flails
 + Level 7.7 Polearms
 + Level 7.7 Staves
 + Level 7.7 Ranged Weapons
 + Level 7.7 Throwing
 + Level 9.1 Armour
 + Level 9.1 Dodging
 + Level 7.7 Stealth
 + Level 7.7 Shields
 + Level 7.7 Unarmed Combat
 + Level 7.7 Spellcasting
 + Level 6.4 Conjurations
 + Level 6.4 Hexes
 + Level 6.4 Summonings
 + Level 6.4 Necromancy
 + Level 6.4 Translocations
 + Level 6.4 Transmutations
 + Level 6.4 Fire Magic
 + Level 6.4 Ice Magic
 + Level 6.4 Air Magic
 + Level 6.4 Earth Magic
 + Level 6.4 Poison Magic
 + Level 8.5 Invocations
 + Level 7.7 Evocations
 + Level 6.4 Shapeshifting


You had 26 spell levels left.
You didn't know any spells.
Your spell library was empty.

Dungeon Overview and Level Annotations

Branches:
Dungeon (13/15)            Temple (0/1) D:6            Lair (0/5) D:11
    Orc (0/2) D:12
 Vaults: D:13-14

Altars:
Ashenzari
Elyvilon
Fedhas
Hepliaklqana
Kikubaaqudgha
Okawaru
Qazlal
Ru
Sif Muna
Trog
Uskayaw
Vehumet
Xom
Yredelemnul
Zin
The Shining One

Shops:
D:3 ?   D:11 *

Annotations:
D:6 2 transporters, wormstring's ghost, novice DsEE


Innate Abilities, Weirdness & Mutations

You have very sharp teeth.
Your uncanny sense of smell can sniff out nearby items.
Your experience applies equally to all skills.


Message History

The titanic slime creature is lightly wounded.
You slice the titanic slime creature!!
The titanic slime creature is moderately wounded.
You slash the titanic slime creature!
The titanic slime creature is moderately wounded.
The titanic slime creature misses you.
You slice the titanic slime creature!!
The titanic slime creature is moderately wounded.
The titanic slime creature barely misses you.
You slice the titanic slime creature!!
The titanic slime creature is heavily wounded.
The titanic slime creature hits you!!
You barely miss the titanic slime creature.
The titanic slime creature is heavily wounded.
The titanic slime creature barely misses you.
You slice the titanic slime creature!!
You feel better.
The titanic slime creature is heavily wounded.
You are no longer berserk.
You are exhausted.
You feel yourself slow down.
The titanic slime creature barely misses you.
You hit the titanic slime creature.
The titanic slime creature is heavily wounded.
The titanic slime creature misses you.
You slice the titanic slime creature!! You bite the titanic slime creature.
The titanic slime creature is severely wounded.
The titanic slime creature hits you but does no damage.
The titanic slime creature hits you!!!
Ouch! That really hurt!
* * * LOW HITPOINT WARNING * * *
You hear a shout!
The titanic slime creature completely misses you.
You hit the titanic slime creature but do no damage.
The titanic slime creature is severely wounded.
The titanic slime creature barely misses you.
You slash the titanic slime creature!
The titanic slime creature is severely wounded.
A titanic slime creature splits.
The very large slime creature hits you!!!
You die...

#.# #.# .# #.#
########.# ..###
..^......# #.#.+
.........# #.#.#
........ #[#.#
#....#
#J#.######....#####
#J@.....[.....'....
#...#.###.....#####
∆ #..##.# #.....#
##.##.###.....#
..##.........#
..###.####....# #.#
#.# ###### .. #.#
#### ## #.# #...


You could see a very large slime creature and a large slime creature.

Vanquished Creatures
  Kirke (D:12)
  2 boulder beetles
  3 two-headed ogres
  Nergalle (D:10)
  Amaemon (D:9)
  An orc knight (D:10)
  2 manticores (D:11)
  A cyclops (D:12)
  An orange demon (D:9)
  Maggie (D:9)
  An unseen horror (D:12)
  A kobold demonologist (D:13)
  An efreet (D:10)
  6 trolls
  A hornet (D:9)
  A slime creature (D:13)
  A wraith (D:9)
  3 shadows (D:11)
  A centaur simulacrum (D:11)
  3 wyverns (D:11)
  3 hogs (D:12)
  19 yaks
  Grum (D:8)
  2 steam dragons
  A vampire mosquito (D:11)
  4 wargs (D:12)
  2 acid dragons
  5 water moccasins
  6 orc warriors
  A black bear (D:11)
  An ogre (D:7)
  2 sky beasts
  6 wolves
  3 centaurs
  2 phantoms
  2 kobold brigands
  A bullfrog (D:8)
  A gnoll sergeant (D:6)
  4 scorpions
  13 wights
  8 killer bees (D:9)
  3 howler monkeys
  Crazy Yiuf (D:2)
  4 orc priests
  2 gnoll boudas
  4 hounds
  2 jellies
  3 iguanas
  Terence (D:2)
  10 orc wizards
  15 gnolls
  9 adders
  A shadow imp (D:7)
  An ufetubus (D:4)
  2 worms (D:2)
  A dart slug (D:2)
  28 orcs
  6 bats
  12 endoplasms
  4 giant cockroaches
  6 goblins
  6 hobgoblins
  7 quokkas
  8 ball pythons
  2 frilled lizards
  16 kobolds
  8 rats
282 creatures vanquished.

Vanquished Creatures (others)
  A shadow (D:9)
  A human (D:12)
  A kobold (D:7)
3 creatures vanquished.

Grand Total: 285 creatures vanquished

Notes
Turn   | Place    | Note
-------+----------+-------------------------------------------
     0 | D:1      | jejorda2 the Gnoll Berserker began the quest for the Orb.
     0 | D:1      | Reached XP level 1. HP: 23/23 MP: 1/1
    74 | D:1      | Found a faded altar of an unknown god.
   123 | D:1      | Reached XP level 2. HP: 26/29 MP: 2/2
   785 | D:2      | Found a bloodstained altar of Trog.
   801 | D:2      | Reached skill level 1 in Short Blades
   801 | D:2      | Reached skill level 1 in Long Blades
   801 | D:2      | Reached skill level 1 in Maces & Flails
   801 | D:2      | Reached skill level 1 in Polearms
   801 | D:2      | Reached skill level 1 in Staves
   801 | D:2      | Reached skill level 1 in Ranged Weapons
   801 | D:2      | Reached skill level 1 in Throwing
   801 | D:2      | Reached skill level 1 in Stealth
   801 | D:2      | Reached skill level 1 in Shields
   801 | D:2      | Reached skill level 1 in Unarmed Combat
   801 | D:2      | Reached skill level 1 in Spellcasting
   801 | D:2      | Reached skill level 1 in Invocations
   801 | D:2      | Reached skill level 1 in Evocations
   801 | D:2      | Reached XP level 3. HP: 24/35 MP: 2/4
   852 | D:2      | Reached XP level 4. HP: 21/41 MP: 5/5
  1225 | D:2      | Found a runed translucent door.
  1226 | D:2      | Noticed Crazy Yiuf
  1234 | D:2      | Killed Crazy Yiuf
  1235 | D:2      | Reached skill level 1 in Conjurations
  1235 | D:2      | Reached skill level 1 in Hexes
  1235 | D:2      | Reached skill level 1 in Summonings
  1235 | D:2      | Reached skill level 1 in Necromancy
  1235 | D:2      | Reached skill level 1 in Translocations
  1235 | D:2      | Reached skill level 1 in Transmutations
  1235 | D:2      | Reached skill level 1 in Fire Magic
  1235 | D:2      | Reached skill level 1 in Ice Magic
  1235 | D:2      | Reached skill level 1 in Air Magic
  1235 | D:2      | Reached skill level 1 in Earth Magic
  1235 | D:2      | Reached skill level 1 in Poison Magic
  1235 | D:2      | Reached skill level 1 in Shapeshifting
  1321 | D:2      | Reached ** piety under Trog
  1323 | D:2      | Noticed Terence
  1329 | D:2      | Killed Terence
  1330 | D:2      | Reached XP level 5. HP: 47/47 MP: 1/7
  2324 | D:3      | Found Gorhirch's Magic Scroll Shop.
  2330 | D:3      | Bought a scroll of identify for 22 gold pieces
  2330 | D:3      | Bought a scroll of blinking for 82 gold pieces
  2359 | D:3      | Found a bloodstained altar of Trog.
  2510 | D:4      | Found a blossoming altar of Fedhas.
  2511 | D:4      | Found a hazy altar of Hepliaklqana.
  2511 | D:4      | Found a shimmering altar of Xom.
  2511 | D:4      | Found a hide-covered altar of Uskayaw.
  2889 | D:4      | Reached XP level 6. HP: 53/53 MP: 2/8
  3013 | D:4      | Reached skill level 5 in Armour
  3013 | D:4      | Reached skill level 5 in Dodging
  3104 | D:4      | You are sucked into a shaft and drop 3 floors!
  3158 | D:7      | Noticed a steam dragon
  3188 | D:7      | Noticed a sky beast
  3192 | D:7      | Killed a steam dragon
  3193 | D:7      | Reached XP level 7. HP: 23/60 MP: 3/10
  3278 | D:7      | Found a sacrificial altar of Ru.
  3321 | D:7      | Reached XP level 8. HP: 62/65 MP: 12/12
  3373 | D:7      | Found an ancient bone altar of Kikubaaqudgha.
  3452 | D:6      | Found a staircase to the Ecumenical Temple.
  3482 | D:5      | Entered Level 5 of the Dungeon
  3527 | D:5      | Found an iron altar of Okawaru.
  3851 | D:4      | Found a radiant altar of Vehumet.
  3892 | D:4      | Found a basalt altar of Yredelemnul.
  4732 | D:6      | Noticed wormstring's ghost (novice DsEE)
  4735 | D:6      | Found a transporter.
  4767 | D:6      | Found a transporter.
  4779 | D:6      | Reached *** piety under Trog
  5014 | D:6      | Noticed a yak
  5014 | D:6      | Noticed a yak
  5014 | D:6      | Noticed a yak
  5014 | D:6      | Noticed a yak
  5014 | D:6      | Noticed a yak
  5019 | D:6      | Killed a yak
  5020 | D:6      | Reached XP level 9. HP: 73/73 MP: 14/14
  5616 | D:7      | Reached skill level 5 in Invocations
  6655 | D:8      | Reached XP level 10. HP: 72/80 MP: 17/17
  6657 | D:8      | Noticed Maggie
  6662 | D:8      | Noticed Grum
  6670 | D:9      | Reached skill level 5 in Short Blades
  6670 | D:9      | Reached skill level 5 in Long Blades
  6670 | D:9      | Reached skill level 5 in Maces & Flails
  6670 | D:9      | Reached skill level 5 in Polearms
  6670 | D:9      | Reached skill level 5 in Staves
  6670 | D:9      | Reached skill level 5 in Ranged Weapons
  6670 | D:9      | Reached skill level 5 in Throwing
  6670 | D:9      | Reached skill level 5 in Stealth
  6670 | D:9      | Reached skill level 5 in Shields
  6670 | D:9      | Reached skill level 5 in Unarmed Combat
  6670 | D:9      | Reached skill level 5 in Spellcasting
  6670 | D:9      | Reached skill level 5 in Evocations
  6919 | D:9      | Found a shimmering blue altar of Sif Muna.
  7002 | D:9      | Noticed Amaemon
  7015 | D:9      | Noticed an orange demon
  7019 | D:9      | Killed Amaemon
  7025 | D:9      | Killed an orange demon
  7482 | D:8      | Killed Grum
  8252 | D:9      | Found a stormy altar of Qazlal.
  8752 | D:9      | Found a white marble altar of Elyvilon.
  8752 | D:9      | Found a glowing silver altar of Zin.
  8753 | D:9      | Found a glowing golden altar of the Shining One.
  8885 | D:9      | Reached XP level 11. HP: 87/87 MP: 19/19
  8895 | D:9      | Killed Maggie
  8896 | D:9      | Reached skill level 5 in Conjurations
  8896 | D:9      | Reached skill level 5 in Hexes
  8896 | D:9      | Reached skill level 5 in Summonings
  8896 | D:9      | Reached skill level 5 in Necromancy
  8896 | D:9      | Reached skill level 5 in Translocations
  8896 | D:9      | Reached skill level 5 in Transmutations
  8896 | D:9      | Reached skill level 5 in Fire Magic
  8896 | D:9      | Reached skill level 5 in Ice Magic
  8896 | D:9      | Reached skill level 5 in Air Magic
  8896 | D:9      | Reached skill level 5 in Earth Magic
  8896 | D:9      | Reached skill level 5 in Poison Magic
  8896 | D:9      | Reached skill level 5 in Shapeshifting
  9122 | D:10     | Entered Level 10 of the Dungeon
  9175 | D:10     | Found a broken altar of Ashenzari.
  9664 | D:10     | Noticed a two-headed ogre
  9670 | D:10     | Killed a two-headed ogre
  9713 | D:10     | Noticed an orc knight
  9727 | D:10     | Killed an orc knight
  9986 | D:10     | Noticed a two-headed ogre
  9995 | D:10     | Killed a two-headed ogre
 10148 | D:10     | Noticed Nergalle
 10155 | D:10     | Killed Nergalle
 10788 | D:11     | Identified the +6 scale mail of Hihuikos {rC+ Str+3}
 10829 | D:11     | Noticed a boulder beetle
 10854 | D:11     | Killed a boulder beetle
 10859 | D:11     | Noticed a manticore
 10877 | D:11     | Killed a manticore
 11117 | D:11     | Noticed a two-headed ogre
 11133 | D:11     | Killed a two-headed ogre
 11134 | D:11     | Reached XP level 12. HP: 97/97 MP: 22/22
 11396 | D:11     | Found a staircase to the Lair.
 11706 | D:11     | Found Jebopn's General Store.
 12264 | D:12     | Reached **** piety under Trog
 12431 | D:12     | Noticed a boulder beetle
 12444 | D:12     | Killed a boulder beetle
 12445 | D:12     | Reached skill level 10 in Fighting
 12445 | D:12     | Reached skill level 10 in Axes
 12537 | D:12     | Noticed Kirke
 12553 | D:12     | Killed Kirke
 12591 | D:12     | Identified the +12 shortbow of Yredelemnul, Hugging {flame,
                  | rPois rC+}
 12943 | D:12     | Found a staircase to the Orcish Mines.
 12997 | D:12     | Upgraded the game from 0.31-a0-590-g8a5a4361df to
                  | 0.31-a0-596-g831eee08f1
 13163 | D:13     | Mangled by a very large slime creature

Illustrated notes

Levels and vault maps discovered:
D:1:      dpeg_arrival_fog, layout_loops_ring,
          hellmonk_ecumenical_altar_slurped_away
D:2:      layout_loops_ring, basic_altar, minmay_misc_feat_pillars,
          uniq_crazy_yiuf_cottage, uniq_terence
D:3:      layout_basic, mainiacjoe_overflow_cross_hatched, serial_shops, shop
D:4:      layout_basic, mainiacjoe_overflow_big_doors,
          grunt_temple_overflow_open, minmay_quadrilaterals
D:5:      layout_loops_corners, lemuel_round_altar, kennysheep_nub
D:6:      layout_gridville, temple_fountains, gammafunk_ghost_stat_death
D:7:      layout_loops_cross, mainiacjoe_overflow_surrounded_room,
          mainiacjoe_overflow_small_starburst, kennysheep_diamond
D:8:      layout_cave_pods, corexii_leaking_fountain,
          hangedman_decor_peaks_small, uniq_grum, uniq_maggie
D:9:      layout_cave_pods, good_gods_temple_1, lemuel_crystal_altar,
          mainiacjoe_overflow_alcove_2, kennysheep_small_square, uniq_amaemon
D:10:     layout_loops_corners, ashenzari_conservatory_becter, uniq_nergalle
D:11:     layout_loops_ring, minmay_lair_entry_grove, serial_shops,
          nicolae_shop_hallway_stairs, kennysheep_opposing_triangles
D:12:     layout_rooms, minmay_orc_entry_guard_dogs,
          hangedman_decor_clover_reticule, uniq_kirke
D:13:     layout_basic, tso_metal_star, uniq_erolcha

Skill      XL: |  1  2  3  4  5  6  7  8  9 10 11 12 |
---------------+-------------------------------------+-----
Short Blades   | 1 2 3 4 5 7 |  7.7
Long Blades    | 1 2 3 4 5 7 |  7.7
Maces & Flails | 1 2 3 4 5 7 |  7.7
Polearms       | 1 2 3 4 5 7 |  7.7
Staves         | 1 2 3 4 5 7 |  7.7
Ranged Weapons | 1 2 3 4 5 7 |  7.7
Throwing       | 1 2 3 4 5 7 |  7.7
Stealth        | 1 2 3 4 5 7 |  7.7
Shields        | 1 2 3 4 5 7 |  7.7
Unarmed Combat | 1 2 3 4 5 7 |  7.7
Spellcasting   | 1 2 3 4 5 7 |  7.7
Invocations    | 1 2 3 4 5 6 7 8 |  8.5
Evocations     | 1 2 3 4 5 7 |  7.7
Conjurations   | 1 2 3 4 5 6 |  6.4
Hexes          | 1 2 3 4 5 6 |  6.4
Summonings     | 1 2 3 4 5 6 |  6.4
Necromancy     | 1 2 3 4 5 6 |  6.4
Translocations | 1 2 3 4 5 6 |  6.4
Transmutations | 1 2 3 4 5 6 |  6.4
Fire Magic     | 1 2 3 4 5 6 |  6.4
Ice Magic      | 1 2 3 4 5 6 |  6.4
Air Magic      | 1 2 3 4 5 6 |  6.4
Earth Magic    | 1 2 3 4 5 6 |  6.4
Poison Magic   | 1 2 3 4 5 6 |  6.4
Shapeshifting  | 1 2 3 4 5 6 |  6.4
Armour         | 5 6 7 8 9 |  9.1
Dodging        | 5 6 7 8 9 |  9.1
Fighting       | 7 8 9 10 | 10.2
Axes           | 7 8 9 10 | 10.2

Action                     |  1- 3 |  4- 6 |  7- 9 | 10-12 || total
---------------------------+-------+-------+-------+-------++-------
  Melee: Hand axe          |    75 |   224 |    19 |       ||   318
         Bite              |     3 |    18 |    20 |    79 ||   120
         Punch             |       |     4 |    13 |    17 ||    34
         War axe           |       |       |   220 |    48 ||   268
         Demon whip        |       |       |       |   336 ||   336
         Battleaxe         |       |       |       |   150 ||   150
   Fire: Shortbow          |       |       |       |    22 ||    22
  Throw: Boomerang         |       |       |     4 |       ||     4
         Dart              |       |       |       |    29 ||    29
 Invoke: Berserk           |     1 |     4 |     7 |    15 ||    27
         Trog's Hand       |       |     1 |     6 |     5 ||    12
    Use: Scroll            |       |     3 |    11 |     4 ||    18
   Stab: Sleeping          |     2 |     3 |       |       ||     5
 Armour: Animal skin       |    16 |       |       |       ||    16
         Scale mail        |       |    40 |       |   141 ||   181
         Chain mail        |       |    56 |   140 |   111 ||   307
         Plate armour      |       |       |       |    78 ||    78
  Dodge: Dodged            |    42 |   113 |   110 |   301 ||   566

Table legend: (Time is in decaauts)
 A = Elapsed time spent in this place.
 B = Non-inter-level travel time spent in this place.
 C = Inter-level travel time spent in this place.
 D = Time resting spent in this place.
 E = Time spent auto-exploring this place.
 F = Levels seen in this place.
 G = Mean time per level.
                   A        B        C        D        E       F      G
               +--------+--------+--------+--------+--------+-----+--------+
         Total |  13335 |  12906 |    429 |   1449 |   9050 |  13 | 1025.8 |
       Dungeon |  13335 |  12906 |    429 |   1449 |   9050 |  13 | 1025.8 |
               +--------+--------+--------+--------+--------+-----+--------+

Top non-repeatable levels by time:
     D:9: 1659 daAuts
    D:10: 1564 daAuts
    D:11: 1508 daAuts
     D:7: 1330 daAuts
     D:2: 1065 daAuts
     D:5: 1041 daAuts
     D:6: 994 daAuts
     D:8: 957 daAuts
    D:12: 849 daAuts
     D:3: 779 daAuts
     D:4: 769 daAuts
     D:1: 673 daAuts
    D:13: 141 daAuts
